 Dungeon Crawl Stone Soup version bcrawl-1.14 (webtiles) character file.

Game seed: 2370414389545253680

80 Revguard the Ducker (level 4, 0/33 HPs)
             Began as a Demonspawn Archaeologist on Sept 9, 2019.
             Slain by Sigmund
             ... wielding a +0 scythe
              (5 damage)
             ... on level 2 of the Dungeon.
             The game lasted 00:04:51 (2032 turns).

Revguard the Ducker (Demonspawn Archaeologist)      Turns: 2032, Time: 00:04:51

Health: 0/33       AC: 10    Str: 16    XL:     4   Next: 18%
Magic:  13/13      EV: 10    Int: 17    God:
Gold:   105        SH:  0    Dex: 10    Spells: 3/3 levels left

rFire    + . .     SeeInvis .   m - +0 mace
rCold    . . .     Gourm    .   (no shield)
rNeg     . . .     Faith    .   j - +0 scale mail (curse)
rPois    .         Spirit   .   c - +1 hat
rElec    +         Reflect  .   (no cloak)
rCorr    .         Harm     .   (no gloves)
MR       .....                  d - +2 pair of boots
Stlth    ..........             (no amulet)
HPRegen  0.00/turn              k - ring of magical power
MPRegen  0.13/turn              r - -5 ring of dexterity (curse)

@: confused, mighty, studying Bows
A: talons 1, agile 1, clever 1, fire resistance 1, powered by pain 1,
electricity resistance, inhibited regeneration
a: no special abilities


You were on level 2 of the Dungeon.
You were not hungry.

You visited 1 branch of the dungeon, and saw 2 of its levels.

You collected 105 gold pieces.

Inventory:

Hand Weapons
 a - a +0 whip
 m - a +0 mace (weapon)
 p - a +2 short sword of freezing
Missiles
 s - 165 arrows
Armour
 c - a +1 hat (worn)
 d - a +2 pair of boots (worn)
 j - a cursed +0 scale mail (worn)
Jewellery
 k - a ring of magical power (left hand)
 r - a cursed -5 ring of dexterity (right hand)
Scrolls
 l - a scroll of enchant armour
 n - a scroll of identify
 q - a scroll of remove curse {unknown}
Potions
 i - a potion of ambrosia
Books
 e - a manual of Bows
Miscellaneous
 f - an ancient crate
Comestibles
 g - 3 rations {!d}
 h - a chunk of flesh


   Skills:
 * Level 2.1 Fighting
 + Level 1.8 Maces & Flails
 * Level 1.2 Bows
 + Level 1.2 Armour
 + Level 3.2 Dodging
 - Level 3.0 Stealth


You had 3 spell levels left.
You didn't know any spells.
Your spell library was empty.

Dungeon Overview and Level Annotations

Branches:
Dungeon (2/12)

Altars:

Annotations:
D:2 Sigmund


Innate Abilities, Weirdness & Mutations

You have sharp toenails.
Your flesh is heat resistant. (rF+)
You sometimes gain a little power by taking damage.
You are agile. (Dex +2)
Your mind is acute. (Int +2)
You are resistant to electric shocks. (rElec)
You do not regenerate when monsters are visible.


Message History

You sock something!
You hear some strange, mumbled words.
A puff of flame appears from out of thin air!
The puff of flame hits you! You resist.
You hit something.
You hear some strange, mumbled words.
A puff of flame appears from out of thin air!
The puff of flame hits you! You resist.
You hear some strange, mumbled words.
You are confused.
You're too confused to move!
It was a potion of magic.
Magic courses through your body.
You hear some strange, mumbled words.
Something tries to affect you, but you resist.
You hear some strange, mumbled words.
A puff of flame appears from out of thin air!
The puff of flame hits you! You resist.
* * * LOW HITPOINT WARNING * * *
Something hits you.
You die...

#...#....#..........)....
#...#....#....##.########
#..............#..#
#.....#)...###......
#...#...#### ###.#..
####.....#..# .##...
##.....#...#.# .. ###
##........#(#.# ##
#....รท....#.#@###
#.........#..{..##
#.........###.#..#
#.........##...#..#
#.........##...##..#
#.........##...###.$#
#.........##....###..
#...........(....# ##
#.........##...#.#


There were no monsters in sight!

Vanquished Creatures
  Jessica (D:2)
  3 worms (D:2)
  3 dart slugs
  A leopard gecko (D:2)
  3 bats
  3 giant cockroaches
  4 goblins
  3 hobgoblins
  4 jackals (D:2)
  7 kobolds
  2 frilled lizards
  3 rats
37 creatures vanquished.

Notes
Turn   | Place    | Note
-------+----------+-------------------------------------------
     0 | D:1      | Revguard the Demonspawn Archaeologist began the quest for
                  | the Orb.
     0 | D:1      | Reached XP level 1. HP: 15/15 MP: 1/1
   195 | D:1      | Reached skill level 1 in Maces & Flails
   204 | D:1      | Gained mutation: Your flesh is heat resistant. (rF+)
                  | [demonic ancestry]
   204 | D:1      | Reached XP level 2. HP: 8/21 MP: 2/2
  1078 | D:2      | Gained mutation: You sometimes gain a little power by
                  | taking damage. [demonic ancestry]
  1078 | D:2      | Reached XP level 3. HP: 13/27 MP: 3/3
  1270 | D:2      | Gained mutation: You do not regenerate when monsters are
                  | visible. [potion of mutation]
  1270 | D:2      | Gained mutation: Your mind is acute. (Int +2) [potion of
                  | mutation]
  1270 | D:2      | Gained mutation: You are resistant to electric shocks.
                  | (rElec) [potion of mutation]
  1270 | D:2      | Gained mutation: You are agile. (Dex +2) [potion of
                  | mutation]
  1496 | D:2      | Noticed Jessica
  1509 | D:2      | Killed Jessica
  1509 | D:2      | Reached skill level 1 in Bows
  1509 | D:2      | Reached skill level 1 in Armour
  1727 | D:2      | Gained mutation: You have sharp toenails. [demonic
                  | ancestry]
  1727 | D:2      | Reached XP level 4. HP: 16/33 MP: 4/4
  2005 | D:2      | Noticed Sigmund
  2032 | D:2      | Slain by Sigmund

Skill      XL: |  1  2  3 |
---------------+----------+-----
Maces & Flails | 1 |  1.8
Dodging        | 3 |  3.2
Fighting       | 2 |  2.1
Bows           | 1 |  1.2
Armour         | 1 |  1.2
Stealth        | |  3.0

Action                   |  1- 3 |  4- 6 || total
-------------------------+-------+-------++-------
Melee: Whip              |    64 |       ||    64
       Mace              |    77 |    18 ||    95
  Use: Scroll            |     6 |       ||     6
       Potion            |     1 |     2 ||     3
  Eat: Chunk             |     3 |     1 ||     4
Armor: Scale mail        |    93 |    20 ||   113
       Robe              |     2 |       ||     2
Dodge: Dodged            |    76 |     9 ||    85
